[Event "Titled Tuesday Blitz June 13 Early 2023"]
[White "gueraumasague"]
[Black "Ovetchkin, Roman"]
[BlackFideId "4119991"]
[WhiteElo "2498"]
[BlackElo "2398"]
[Result "0-1"]
[Round "10"]
[TimeControl "180+2"]
[Date "2023.06.13"]
[WhiteClock "0:00:04"]
[BlackClock "0:00:09"]
[Board "86"]

1. e4 c6 2. Nc3 d5 3. Qf3 dxe4 4. Nxe4 Nf6 5. Bc4 Nbd7 6. Bb3 Ne5 7. Nxf6+ exf6 8. Qe3 Be7 9. d4 Ng6 10. Ne2 O-O 11. h4 Bd6 12. h5 Re8 13. Qf3 Nf8 14. Be3 Qa5+ 15. c3 Qf5 16. Qxf5 Bxf5 17. h6 g5 18. Kd2 Ng6 19. Ng3 Bxg3 20. fxg3 Be6 21. Rhf1 Bxb3 22. axb3 Re6 23. Kd3 a6 24. Ra5 Rae8 25. Bd2 Ne7 26. c4 Rd8 27. g4 Red6 28. Bc3 Kf8 29. Kc2 Ke8 30. Raa1 Re6 31. Rae1 Rdd6 32. Kd3 Ng8 33. Bb4 Rxe1 34. Rxe1+ Re6 35. Rh1 Kd7 36. d5 cxd5 37. cxd5 Re5 38. Kd4 Re2 39. Ba5 f5 40. Rc1 Re4+ 41. Kd3 Rxg4 42. Rc7+ Kd6 43. Rxf7 Kxd5 44. Rxf5+ Ke6 45. Rf2 Nxh6 46. Bc3 Nf5 47. Re2+ Kd6 48. Rf2 Rg3+ 49. Ke4 Ke6 50. Rxf5 Rg4+ 51. Kf3 Kxf5 52. Bd2 h5 53. Bc3 h4 54. Bd2 Rg3+ 55. Kf2 Rxb3 56. Bc3 Rxc3 57. bxc3 a5 0-1


[Site "https://www.chess.com"]

[Event "Titled Tuesday Blitz June 13 Early 2023"]
[White "Bruedigam, Martin"]
[Black "Camilla_Lee"]
[WhiteFideId "24608033"]
[WhiteElo "2331"]
[BlackElo "2580"]
[Result "1-0"]
[Round "10"]
[TimeControl "180+2"]
[Date "2023.06.13"]
[WhiteClock "0:00:10"]
[BlackClock "0:00:00"]
[Board "87"]

1. d4 Nf6 2. c4 g6 3. f3 d5 4. cxd5 Nxd5 5. e4 Nb6 6. Nc3 Bg7 7. Be3 O-O 8. Qd2 e5 9. d5 c6 10. h4 cxd5 11. exd5 h5 12. O-O-O Bf5 13. g4 hxg4 14. h5 gxh5 15. Rxh5 Bg6 16. Rg5 Na6 17. Rxg4 Rc8 18. Bd3 Bxd3 19. Qxd3 Nb4 20. Rxb4 Qd7 21. Bxb6 axb6 22. Ne2 f5 23. Kb1 e4 24. fxe4 fxe4 25. Qxe4 Rce8 26. Qg4 Qd6 27. Rg1 Rf7 28. Rf4 Ref8 29. Ne4 Qh6 30. d6 Rxf4 31. Nxf4 Rxf4 32. d7 Rf8 33. Ng5 Qg6+ 34. Ka1 Qf6 35. Qc4+ Kh8 36. Rh1+ Bh6 37. Nf7+ Kg7 38. Nxh6 Rd8 39. Qg4+ Kf8 40. Nf5 Rxd7 41. a3 Rf7 42. Qb4+ Ke8 43. Nd6+ Kd7 44. Nxf7 Qxf7 45. Rd1+ Kc7 46. Qc3+ Kb8 47. Rc1 Ka7 48. Qc2 Qf4 49. Qc3 Qe4 50. Qc2 Qf4 51. Rd1 Qg4 52. Rd3 Qg1+ 53. Ka2 Qg8+ 54. Rb3 Qd5 55. Qc3 Qf5 56. Qb4 Qe6 57. Qb5 Qd6 58. Kb1 Qg6+ 59. Ka1 Qg1+ 60. Ka2 Qg6 61. Qc4 Qd6 62. Rd3 Qf6 63. Rd5 Qg6 64. Qb4 Qc6 65. Qd6 Qc4+ 66. Kb1 Qe4+ 67. Rd3 Qe1+ 68. Kc2 Qe2+ 69. Kb3 Qe4 70. Qd5 Qg4 71. Qc4 Qf5 72. Qa4+ Kb8 73. Rc3 Qd5+ 74. Qc4 Qd7 75. Ka2 Qf5 76. a4 Ka7 77. Qb5 Qg6 78. Rb3 Qe6 79. a5 1-0


[Site "https://www.chess.com"]

[Event "Titled Tuesday Blitz June 13 Early 2023"]
[White "LangesNasenhaar"]
[Black "Czerw, Dawid"]
[BlackFideId "1145746"]
[WhiteElo "2468"]
[BlackElo "2144"]
[Result "0-1"]
[Round "10"]
[TimeControl "180+2"]
[Date "2023.06.13"]
[WhiteClock "0:00:13"]
[BlackClock "0:01:21"]
[Board "88"]

1. d4 d5 2. Nc3 Nf6 3. Bf4 g6 4. Nf3 Bg7 5. Nb5 Na6 6. e3 O-O 7. h4 h5 8. Ne5 c6 9. Nc3 Nc7 10. f3 Ne6 11. Bh2 c5 12. Qd2 a6 13. O-O-O c4 14. g4 b5 15. g5 Ne8 16. e4 Bb7 17. Bh3 N8c7 18. exd5 Bxd5 19. Nxd5 Qxd5 20. c3 b4 21. f4 bxc3 22. Qxc3 Nb5 23. Qb4 c3 24. b3 Nexd4 25. Qc4 Qe4 26. Qd3 Ne2+ 27. Kc2 Na3# 0-1


[Site "https://www.chess.com"]

[Event "Titled Tuesday Blitz June 13 Early 2023"]
[White "Rios Escobar, Adan"]
[Black "Skliarov, Viktor"]
[WhiteFideId "3403645"]
[BlackFideId "14106736"]
[WhiteElo "2461"]
[BlackElo "2317"]
[Result "1/2-1/2"]
[Round "10"]
[TimeControl "180+2"]
[Date "2023.06.13"]
[WhiteClock "0:00:04"]
[BlackClock "0:00:03"]
[Board "89"]

1. d4 Nf6 2. g3 g6 3. Bg2 Bg7 4. e4 d6 5. Ne2 O-O 6. O-O c5 7. dxc5 dxc5 8. e5 Ng4 9. f4 Nc6 10. h3 Nh6 11. Be3 Qb6 12. Nbc3 Qxb2 13. Bxc5 Bf5 14. Rb1 Qxc2 15. Qxc2 Bxc2 16. Rxb7 Rac8 17. Rc1 Bd3 18. Bf2 e6 19. g4 Rfd8 20. Be3 Kh8 21. Kf2 g5 22. fxg5 Ng8 23. Rxf7 Nxe5 24. Rxg7 Bxe2 25. Rxg8+ Kxg8 26. Kxe2 Nd3 27. Rc2 Nb4 28. Rd2 Rxd2+ 29. Bxd2 a5 30. Be4 Rd8 31. h4 Rd4 32. Ke3 Rc4 33. h5 Nc6 34. g6 hxg6 35. hxg6 Ne5 36. g5 Kg7 37. Bc2 Nxg6 38. Bb3 Rg4 39. Ne4 Nf8 40. Bc3+ Kg6 41. Bc2 Kf7 42. g6+ Nxg6 43. Nd6+ Ke7 44. Nc8+ Kd7 45. Nb6+ Kc6 46. Bxa5 Ne5 47. Ba4+ Rxa4 48. Nxa4 Kb5 49. Bc3 Kxa4 50. Bxe5 Ka3 51. Bd6+ Kxa2 52. Ke4 Kb3 53. Ke5 Kc4 54. Kxe6 1/2-1/2


[Site "https://www.chess.com"]

[Event "Titled Tuesday Blitz June 13 Early 2023"]
[White "Chos, Alexey"]
[Black "UNSTOPPABLE_LEGEND"]
[WhiteFideId "14117762"]
[WhiteElo "2234"]
[BlackElo "2467"]
[Result "0-1"]
[Round "10"]
[TimeControl "180+2"]
[Date "2023.06.13"]
[WhiteClock "0:00:00"]
[BlackClock "0:00:12"]
[Board "90"]

1. g4 d5 2. Bg2 c6 3. c4 dxc4 4. h3 h5 5. g5 e5 6. h4 Be6 7. Qc2 Nd7 8. Na3 Nb6 9. Nf3 Bd6 10. b3 cxb3 11. axb3 Ne7 12. Bb2 Ng6 13. O-O-O Qe7 14. Nc4 Nxc4 15. bxc4 a5 16. d4 exd4 17. Nxd4 Nf4 18. Bf3 O-O-O 19. e3 Ng6 20. Be4 Ne5 21. c5 Bc7 22. g6 Rhf8 23. gxf7 Bxf7 24. Nf5 Qf6 25. f4 g6 26. Nd6+ Bxd6 27. cxd6 Rxd6 28. Bxe5 Rxd1+ 29. Rxd1 Qe6 30. Qb2 Rd8 31. Rxd8+ Kxd8 32. Qb6+ Ke8 33. Qxb7 Qc4+ 34. Bc2 Qf1+ 35. Kb2 Qb5+ 36. Qxb5 cxb5 37. Bd3 b4 38. Bb5+ Kd8 39. Bd4 Kc7 40. e4 Kb7 41. e5 Be6 42. Be8 Ka6 43. Bxg6 a4 44. Bc5 a3+ 45. Ka1 Kb5 46. Bxb4 Kxb4 47. f5 Bd5 48. f6 Kc5 49. f7 Bxf7 50. Bxf7 Kc6 51. e6 Kd6 52. Ka2 Ke7 53. Kxa3 Kf6 54. Kb3 Ke7 55. Kc3 Kd6 56. Kd3 Ke7 0-1


[Site "https://www.chess.com"]

[Event "Titled Tuesday Blitz June 13 Early 2023"]
[White "Melikhov, Evgeny V."]
[Black "Arencibia Monduy, Antonio"]
[WhiteFideId "4122046"]
[BlackFideId "3507939"]
[WhiteElo "2158"]
[BlackElo "2557"]
[Result "0-1"]
[Round "10"]
[TimeControl "180+2"]
[Date "2023.06.13"]
[WhiteClock "0:00:34"]
[BlackClock "0:00:36"]
[Board "91"]

1. d4 c5 2. d5 Nf6 3. c4 d6 4. Nc3 e6 5. e4 exd5 6. cxd5 g6 7. h3 Bg7 8. Nf3 O-O 9. Bd3 a6 10. a4 Nbd7 11. O-O Ne8 12. Re1 Rb8 13. Bf4 Qe7 14. Bg5 f6 15. Bf4 Ne5 16. Nxe5 fxe5 17. Be3 Nf6 18. Qd2 Nh5 19. Bg5 Bf6 20. Bxf6 Rxf6 21. Bf1 Bd7 22. Re3 Rbf8 23. Ra3 Nf4 24. Nd1 R6f7 25. a5 Qg5 26. Qe1 Bb5 27. Rg3 Qd8 28. Bxb5 axb5 29. a6 b4 30. Ra4 Qb6 31. axb7 Qxb7 32. Qf1 h5 33. Qa6 Qe7 34. Qc6 Ne2+ 35. Kh2 Nxg3 36. fxg3 h4 37. g4 Rf1 38. Ne3 Re1 39. Nc4 Qg5 0-1


[Site "https://www.chess.com"]

[Event "Titled Tuesday Blitz June 13 Early 2023"]
[White "Garrido, Denis"]
[Black "Malyi, Viacheslav"]
[WhiteFideId "601217"]
[BlackFideId "14123983"]
[WhiteElo "2361"]
[BlackElo "2291"]
[Result "1/2-1/2"]
[Round "10"]
[TimeControl "180+2"]
[Date "2023.06.13"]
[WhiteClock "0:00:03"]
[BlackClock "0:00:11"]
[Board "92"]

1. e4 e5 2. Nf3 Nc6 3. Bb5 a6 4. Ba4 Nf6 5. O-O b5 6. Bb3 Bc5 7. c3 d6 8. a4 Rb8 9. d4 Bb6 10. a5 Ba7 11. h3 O-O 12. Be3 Ra8 13. Nbd2 Qe7 14. Re1 Nd8 15. dxe5 dxe5 16. Bxa7 Rxa7 17. Nf1 c5 18. N3h2 c4 19. Bc2 Ne6 20. Ne3 Nf4 21. Qf3 Rd8 22. Nhg4 Nxg4 23. hxg4 Be6 24. g3 Nd3 25. Bxd3 Rxd3 26. Kg2 Rad7 27. Nf5 Bxf5 28. Qxf5 Qe6 29. Qxe6 fxe6 30. Re2 Kf7 31. f4 exf4 32. gxf4 Rd1 33. Rxd1 Rxd1 34. Kf3 Ra1 35. Rh2 h6 36. Rd2 Ke7 37. g5 hxg5 38. fxg5 Rxa5 39. Kf4 Ra1 40. Rh2 Rf1+ 41. Ke5 Rg1 42. Rh5 a5 43. Kf4 Kd6 44. Rh7 e5+ 45. Kf5 Rf1+ 46. Kg6 Rf2 47. Kxg7 Rxb2 48. g6 b4 49. Kf8 Rg2 50. g7 Kc5 51. Rh5 bxc3 52. Rxe5+ Kb4 53. Rf5 c2 54. Rf1 Kb3 55. e5 Kb2 56. e6 c1=Q 57. Rxc1 Kxc1 58. g8=Q Rxg8+ 59. Kxg8 c3 60. e7 c2 61. e8=Q Kb1 62. Qb5+ Ka1 63. Qxa5+ Kb1 64. Qb4+ Ka1 65. Qc3+ Kb1 66. Qb3+ Ka1 67. Qxc2 1/2-1/2


[Site "https://www.chess.com"]

[Event "Titled Tuesday Blitz June 13 Early 2023"]
[White "Rian, Kapriaga"]
[Black "Jaskolka, Tomasz"]
[WhiteFideId "7103263"]
[BlackFideId "1170791"]
[WhiteElo "2359"]
[BlackElo "2155"]
[Result "0-1"]
[Round "10"]
[TimeControl "180+2"]
[Date "2023.06.13"]
[WhiteClock "0:00:00"]
[BlackClock "0:00:04"]
[Board "93"]

1. d4 d5 2. c4 e5 3. dxe5 d4 4. Nf3 Nc6 5. Nbd2 Nge7 6. a3 a5 7. Nb3 Nf5 8. e4 dxe3 9. Qxd8+ Nxd8 10. fxe3 a4 11. Nbd4 g6 12. Bd3 Ne7 13. O-O c6 14. Bd2 Bg7 15. Bc3 Ne6 16. Nxe6 Bxe6 17. Ng5 O-O 18. Nxe6 fxe6 19. Rxf8+ Rxf8 20. Rf1 Rd8 21. Be4 Nf5 22. Kf2 Bh6 23. Bxf5 gxf5 24. Ke2 Kf7 25. g4 Rg8 26. gxf5 Rg2+ 27. Rf2 Rxf2+ 28. Kxf2 exf5 29. Kf3 Ke6 30. e4 Bg7 31. exf5+ Kxf5 32. e6 Bf8 33. Bg7 Be7 34. h3 b5 35. cxb5 cxb5 36. Bc3 Kxe6 37. Ke4 Bc5 38. Bd4 Bd6 39. Bc3 Bc5 40. Bg7 Bf2 41. Be5 Bg1 42. Bd4 Bh2 43. Bc3 Kd6 44. Bd4 Kc6 45. Bc3 Bd6 46. Kf5 Kd5 47. Kg5 Bf8 48. Kf6 Kc4 49. Be5 Kb3 50. Kf7 Bc5 51. Kg7 h5 52. Kg6 h4 53. Kg5 Bf2 54. Kg4 Be1 55. Kf3 Bd2 56. Kg4 Bc1 0-1


[Site "https://www.chess.com"]

[Event "Titled Tuesday Blitz June 13 Early 2023"]
[White "Shuvalov, Evgenij"]
[Black "Haukenfrers, Dale"]
[WhiteFideId "4187237"]
[BlackFideId "2603780"]
[WhiteElo "2080"]
[BlackElo "2071"]
[Result "0-1"]
[Round "10"]
[TimeControl "180+2"]
[Date "2023.06.13"]
[WhiteClock "0:00:03"]
[BlackClock "0:00:16"]
[Board "94"]

1. d4 d6 2. Nf3 h6 3. c4 g5 4. Nc3 Bg7 5. e4 Na6 6. Be3 c6 7. Be2 Nf6 8. h4 Ng4 9. hxg5 Nxe3 10. fxe3 hxg5 11. Rxh8+ Bxh8 12. Nxg5 Qa5 13. Nf3 Bd7 14. Qd2 O-O-O 15. O-O-O Rg8 16. Rh1 Bf6 17. Bf1 Nb4 18. Kb1 c5 19. a3 Nc6 20. e5 dxe5 21. d5 Nd8 22. e4 a6 23. Qe3 b6 24. Nd2 Bg5 25. Qg3 Bxd2 26. Qxg8 Bxc3 27. bxc3 Qxc3 28. Qg5 Qxa3 29. Qd2 Ba4 30. Qb2 Qe3 31. Be2 Qxe4+ 32. Ka1 b5 33. cxb5 axb5 34. Rc1 c4 35. Bf3 Qd3 36. Qc3 Qxc3+ 37. Rxc3 Nb7 38. Rc1 Nc5 39. Be2 Nb3+ 40. Kb2 Nxc1 41. Kxc1 Kc7 42. Kd2 Kd6 43. Bf3 f5 44. g4 e4 45. Bg2 fxg4 46. Bxe4 b4 47. Ke3 Ke5 48. Bg2 Bd7 49. Bf1 Bb5 50. Bg2 c3 51. Bh1 Bc4 52. Bg2 Bxd5 53. Bf1 e6 54. Kd3 g3 55. Bh3 g2 56. Bxg2 Bxg2 0-1


[Site "https://www.chess.com"]

[Event "Titled Tuesday Blitz June 13 Early 2023"]
[White "Levitan, Caleb Levi"]
[Black "Schnaider, Ilan"]
[WhiteFideId "14332620"]
[BlackFideId "169013"]
[WhiteElo "1963"]
[BlackElo "2224"]
[Result "0-1"]
[Round "10"]
[TimeControl "180+2"]
[Date "2023.06.13"]
[WhiteClock "0:00:03"]
[BlackClock "0:00:05"]
[Board "95"]

1. e4 c5 2. Nf3 d6 3. d4 cxd4 4. Nxd4 Nf6 5. Nc3 a6 6. Bc4 e6 7. Bb3 Be7 8. g4 b5 9. g5 Nfd7 10. Bxe6 fxe6 11. Nxe6 Qa5 12. Nxg7+ Kf8 13. Nf5 Ne5 14. Bd2 Bxf5 15. exf5 b4 16. f6 bxc3 17. fxe7+ Kxe7 18. Bxc3 Qc5 19. Qe2 Qd5 20. Rf1 Nc6 21. f4 Rae8 22. fxe5 dxe5 23. Rd1 Qb5 24. Qh5 Ref8 25. Rxf8 Rxf8 26. Qxh7+ Rf7 27. Qh3 Nd8 28. g6 Rf4 29. g7 Re4+ 30. Kf2 Qe2+ 31. Kg3 Re3+ 32. Kh4 Rxh3+ 33. Kxh3 Qh5+ 34. Kg3 Qxd1 35. g8=Q Qg1+ 36. Kf3 Qxg8 37. Bb4+ Ke6 38. Ke4 Qg4+ 39. Ke3 Qxb4 40. c3 Qxb2 41. h4 Qxc3+ 42. Ke4 Nf7 43. h5 Nd6# 0-1


[Site "https://www.chess.com"]

[Event "Titled Tuesday Blitz June 13 Early 2023"]
[White "Mogirzan, Matei-Valeriu"]
[Black "Deng, Henry"]
[WhiteFideId "1257455"]
[BlackFideId "30965454"]
[WhiteElo "1733"]
[BlackElo "2558"]
[Result "0-1"]
[Round "10"]
[TimeControl "180+2"]
[Date "2023.06.13"]
[WhiteClock "0:00:00"]
[BlackClock "0:00:48"]
[Board "96"]

1. e4 c5 2. Nf3 e6 3. d4 cxd4 4. Nxd4 Nf6 5. Nc3 Nc6 6. Nxc6 bxc6 7. e5 Nd5 8. Bd3 Nxc3 9. bxc3 Qa5 10. O-O Qxe5 11. Qf3 Bd6 12. g3 Qf6 13. Qg4 h5 14. Qg5 Qxg5 15. Bxg5 f6 16. Bg6+ Ke7 17. Be3 h4 18. Rad1 hxg3 19. fxg3 Ba6 20. Rf2 Be5 21. Rfd2 d5 22. Bc5+ Bd6 23. Be3 Bc4 24. a4 a6 25. Re1 Rab8 26. Kg2 Be5 27. Bd4 Bxd4 28. cxd4 Kd6 29. h4 Rb4 30. c3 Rxa4 31. Rb1 Rc8 32. Rb7 Rc7 33. Rb8 Ra2 34. Rxa2 Bxa2 35. g4 Bc4 36. Ra8 Rb7 37. h5 Kc7 38. Re8 Kd6 39. Ra8 e5 40. Bf5 exd4 41. cxd4 Kc7 42. Rf8 Kb6 43. h6 gxh6 44. Rxf6 a5 45. Rxh6 a4 46. Rh1 a3 47. Ra1 a2 48. Bb1 axb1=Q 49. Rxb1+ Kc7 50. Re1 Kd6 51. Kg3 Bd3 52. Kf4 Rf7+ 0-1


[Site "https://www.chess.com"]

[Event "Titled Tuesday Blitz June 13 Early 2023"]
[White "Szyszylo, Rafal"]
[Black "Girya, Olga"]
[WhiteFideId "1109626"]
[BlackFideId "4195752"]
[WhiteElo "1951"]
[BlackElo "2263"]
[Result "0-1"]
[Round "10"]
[TimeControl "180+2"]
[Date "2023.06.13"]
[WhiteClock "0:00:00"]
[BlackClock "0:00:02"]
[Board "97"]

1. e4 e5 2. Bc4 Nf6 3. Nc3 Bc5 4. d3 Nc6 5. f4 exf4 6. Bxf4 d6 7. Nf3 Bg4 8. Qd2 a6 9. Bg5 h6 10. Bh4 Bxf3 11. gxf3 Ne5 12. Qg2 g5 13. Bf2 Bxf2+ 14. Qxf2 Nxc4 15. dxc4 Qe7 16. O-O-O O-O-O 17. Nd5 Nxd5 18. cxd5 Kb8 19. c4 f5 20. Rde1 Qf6 21. Qc2 fxe4 22. fxe4 Rhf8 23. Kb1 Rde8 24. c5 Qf2 25. Re2 Qxc5 26. Qxc5 dxc5 27. e5 Rf5 28. Rhe1 h5 29. Kc2 g4 30. Kd3 h4 31. a4 b5 32. axb5 axb5 33. b4 cxb4 34. Kd4 g3 35. hxg3 hxg3 36. e6 Rg5 37. Kc5 Kb7 38. e7 c6 39. Re5 Rxe5 40. Rxe5 cxd5 41. Kd6 b3 42. Kd7 b2 43. Re1 Rxe7+ 44. Kxe7 Kc6 45. Ke6 Kc5 46. Re5 b1=Q 47. Rg5 Qe1+ 48. Kf6 Qe3 0-1


[Site "https://www.chess.com"]

[Event "Titled Tuesday Blitz June 13 Early 2023"]
[White "Gavrilov, Maxim"]
[Black "Matveeva, Olga"]
[WhiteFideId "24271454"]
[BlackFideId "24107018"]
[WhiteElo "1969"]
[BlackElo "2009"]
[Result "0-1"]
[Round "10"]
[TimeControl "180+2"]
[Date "2023.06.13"]
[WhiteClock "0:01:00"]
[BlackClock "0:01:06"]
[Board "98"]

1. g4 d5 2. Bg2 Bxg4 3. c4 e6 4. Qb3 Ne7 5. Qxb7 Nbc6 6. Qa6 Qd7 7. a3 Nd4 8. Kd1 Nec6 9. Qa4 Nxe2 10. Nxe2 Bxe2+ 11. Ke1 Bxc4 12. Nc3 Nd4 13. Qxd7+ Kxd7 14. d3 Bxd3 15. Ra2 Bc4 16. Be3 Bxa2 17. Bxd4 Bc4 18. Kd2 c5 19. Be5 Bd6 20. Bxd6 Kxd6 21. Re1 Rab8 22. Kc1 Bd3 23. Re3 c4 24. Rg3 g6 25. f4 Rb3 26. Bf3 Rhb8 27. Rg2 f5 28. Bd1 Rxc3+ 29. bxc3 Rb1+ 0-1


[Site "https://www.chess.com"]

[Event "Titled Tuesday Blitz June 13 Early 2023"]
[White "Pinheiro, Iung Alicio de O."]
[Black "Ansh M Shah"]
[WhiteFideId "2104350"]
[BlackFideId "25033379"]
[WhiteElo "2283"]
[BlackElo "2084"]
[Result "1-0"]
[Round "10"]
[TimeControl "180+2"]
[Date "2023.06.13"]
[WhiteClock "0:00:15"]
[BlackClock "0:00:17"]
[Board "99"]

1. e4 c6 2. Nc3 d5 3. Nf3 Bg4 4. h3 Bxf3 5. Qxf3 e6 6. a3 Bc5 7. d3 Nd7 8. g4 Ne7 9. h4 d4 10. Nb1 f6 11. Qg3 a5 12. Nd2 a4 13. Nc4 e5 14. g5 b5 15. Nd2 Qc7 16. Bh3 O-O-O 17. b3 axb3 18. Nxb3 Bb6 19. a4 bxa4 20. Rxa4 Kb7 21. Bd2 Ra8 22. Rc4 Nc8 23. Qg4 Rd8 24. Bb4 Nd6 25. Bxd6 Qxd6 26. Ke2 Kc7 27. Qh5 g6 28. Qxh7 fxg5 29. Bxd7 Rxd7 30. Qh6 gxh4 31. Rxh4 Rf8 32. Qg5 Rdf7 33. Rh2 Qf6 34. Qxf6 Rxf6 35. Ra4 g5 36. Nd2 Kb7 37. Rg2 Bd8 38. Nc4 Bc7 39. Rb4+ Kc8 40. Ra4 Kd7 41. Ra7 Kc8 42. Ra6 Kb7 43. Ra1 Rf4 44. Rb1+ Kc8 45. Rh1 R8f7 46. Rh5 g4 47. Nxe5 Bxe5 48. Rxe5 Rg7 49. Rc5 Kd7 50. Rh5 Kd6 51. Rh4 Kc5 52. Kd2 Kb4 53. Rh1 c5 54. Rb1+ Ka5 55. Rb8 Rg5 56. Ke2 Ka4 57. Rg1 Ka5 58. Ra1# 1-0


[Site "https://www.chess.com"]

[Event "Titled Tuesday Blitz June 13 Early 2023"]
[White "Lehtosaari, Mauri"]
[Black "Gomez Barrera, Javiera Belen"]
[WhiteFideId "501999"]
[BlackFideId "3418723"]
[WhiteElo "2542"]
[BlackElo "2119"]
[Result "0-1"]
[Round "10"]
[TimeControl "180+2"]
[Date "2023.06.13"]
[WhiteClock "0:00:21"]
[BlackClock "0:00:03"]
[Board "100"]

1. d4 d5 2. Nf3 Nf6 3. Bg5 e6 4. e3 Be7 5. Bd3 c5 6. c3 Nc6 7. Nbd2 cxd4 8. exd4 h6 9. Bh4 Qb6 10. Rb1 Bd7 11. O-O g5 12. Bg3 O-O-O 13. a4 Rdg8 14. b4 h5 15. a5 Qd8 16. Nb3 h4 17. Be5 g4 18. Nfd2 Nxe5 19. dxe5 Nh5 20. c4 Nf4 21. Qc2 Kb8 22. c5 Qc7 23. b5 Qxe5 24. c6 Bc8 25. Rfc1 g3 26. cxb7 Bxb7 27. Nf3 gxh2+ 28. Kh1 Qd6 29. a6 Rc8 30. Qd2 Rxc1+ 31. Rxc1 Ba8 32. Na5 Qb4 33. Qxf4+ Qxf4 34. Rd1 Bc5 35. Nb3 Bb6 36. Nbd2 Rg8 37. Bf1 Bxf2 38. Nb3 Bb6 39. Nc1 d4 40. Nd3 Qf6 41. Nde5 Qd8 42. Nxf7 Qf6 43. N7e5 Rd8 44. Ng4 Qf4 45. Nge5 h3 46. Be2 Bc7 47. b6 Bxe5 48. bxa7+ Kxa7 49. Nxe5 Qxe5 50. Bf3 hxg2+ 51. Kxg2 Qe2+ 52. Kh1 Qxf3+ 53. Kxh2 Qg2# 0-1


[Site "https://www.chess.com"]

[Event "Titled Tuesday Blitz June 13 Early 2023"]
[White "Gracia Alvarez, Gerardo Antonio"]
[Black "Zavgorodniy, Sergiy"]
[WhiteFideId "5109124"]
[BlackFideId "14110148"]
[WhiteElo "2160"]
[BlackElo "2402"]
[Result "0-1"]
[Round "10"]
[TimeControl "180+2"]
[Date "2023.06.13"]
[WhiteClock "0:00:06"]
[BlackClock "0:01:43"]
[Board "101"]

1. e4 c6 2. c4 d5 3. exd5 cxd5 4. cxd5 Nf6 5. Qa4+ Nbd7 6. Nc3 g6 7. Bc4 Bg7 8. d3 O-O 9. Nf3 a6 10. Qa3 b6 11. O-O Bb7 12. Re1 b5 13. Bb3 Re8 14. Qb4 Nb6 15. Qh4 Nbxd5 16. Ne5 e6 17. Bg5 Qd6 18. d4 Nxc3 19. bxc3 Nd5 20. Ng4 f5 21. Nf6+ Bxf6 22. Bxf6 Nxf6 23. Qxf6 Bd5 24. h4 Bxb3 25. axb3 Qe7 26. Qxe7 Rxe7 27. Re5 Raa7 28. Kf1 Kf7 29. Ke2 Rec7 30. Kd3 Kf6 31. g3 Rcb7 32. Rc5 a5 33. Rc6 a4 34. Ra3 Ke7 35. bxa4 bxa4 36. Rc4 Rb2 37. Ke3 Rc2 38. Rcxa4 Rxa4 39. Rxa4 Rxc3+ 40. Kf4 Kf6 41. Ra7 h6 42. Rd7 g5+ 43. hxg5+ hxg5# 0-1


[Site "https://www.chess.com"]

[Event "Titled Tuesday Blitz June 13 Early 2023"]
[White "Chandreyee, Hajra"]
[Black "Liu, Casper"]
[WhiteFideId "5056535"]
[BlackFideId "1454153"]
[WhiteElo "1725"]
[BlackElo "2221"]
[Result "1-0"]
[Round "10"]
[TimeControl "180+2"]
[Date "2023.06.13"]
[WhiteClock "0:00:18"]
[BlackClock "0:01:59"]
[Board "102"]

1. e4 a6 2. Nf3 g6 3. Bc4 Bg7 4. a4 d6 5. O-O Nc6 6. d4 Nf6 7. Re1 O-O 8. c3 Bg4 9. h3 Bxf3 10. Qxf3 e5 11. d5 Ne7 12. Bg5 Nh5 13. g4 Nf4 14. Bxf4 exf4 15. Qxf4 f5 16. e5 Bxe5 17. Rxe5 dxe5 18. Qxe5 Qd6 19. Qxd6 cxd6 20. g5 f4 21. Nd2 Rf5 22. Ne4 Kg7 23. h4 Nxd5 24. Nxd6 Re5 25. Nxb7 Rb8 26. Nc5 Rxb2 27. Nd3 Rbe2 28. Nxe5 Rxe5 29. Bxa6 Nxc3 30. a5 Ne4 31. Bf1 Re7 32. Re1 h6 33. gxh6+ Kxh6 34. Bg2 Ra7 35. Rxe4 Rxa5 36. Rxf4 g5 37. hxg5+ Kxg5 38. Rd4 Ra1+ 39. Kh2 Ra7 40. Kg3 Ra3+ 41. Bf3 Rb3 42. Rd5+ Kf6 43. Rd2 Rb4 44. Re2 Ra4 45. Be4 Kg5 46. f4+ Kf6 47. Kg4 Ra1 48. Bg2 Rg1 49. Rb2 Kg6 50. Rb6+ Kf7 51. Rb2 Kf6 52. Kf3 Ra1 53. Bh3 Ra3+ 54. Kg4 Ra1 55. Rb6+ Kf7 56. Kf5 Ra5+ 57. Kg4 Ra1 58. Kg5 Rg1+ 59. Bg4 Ra1 60. f5 Ra5 61. Rb7+ Ke8 62. Kg6 Ra6+ 63. f6 Rd6 64. Rd7 Rxd7 65. Bxd7+ Kxd7 66. f7 Ke7 67. Kg7 1-0


[Site "https://www.chess.com"]

[Event "Titled Tuesday Blitz June 13 Early 2023"]
[White "cristianserban1"]
[Black "Miller, Luke C"]
[BlackFideId "2096935"]
[WhiteElo "2510"]
[BlackElo "1836"]
[Result "0-1"]
[Round "10"]
[TimeControl "180+2"]
[Date "2023.06.13"]
[WhiteClock "0:02:27"]
[BlackClock "0:02:31"]
[Board "103"]

1. Nf3 Nf6 2. b3 g6 3. Bb2 Bg7 4. g3 O-O 5. Bg2 c5 6. O-O Nc6 7. e3 d5 8. d4 Ne4 9. Nbd2 cxd4 10. Nxd4 Nxd4 11. Nxe4 Nf3+ 12. Bxf3 Bxb2 13. Rb1 dxe4 0-1


[Site "https://www.chess.com"]

[Event "Titled Tuesday Blitz June 13 Early 2023"]
[White "Horak, Martin"]
[Black "Torres Hernandez, Leslie Carolin"]
[WhiteFideId "367095"]
[BlackFideId "8400504"]
[WhiteElo "2091"]
[BlackElo "1920"]
[Result "1-0"]
[Round "10"]
[TimeControl "180+2"]
[Date "2023.06.13"]
[WhiteClock "0:00:43"]
[BlackClock "0:00:03"]
[Board "104"]

1. e4 e6 2. Nf3 d5 3. e5 c5 4. b4 cxb4 5. a3 bxa3 6. d4 Nc6 7. c3 Nge7 8. Bd3 Nf5 9. O-O Be7 10. Nxa3 O-O 11. g4 Nh4 12. Nxh4 Bxh4 13. f4 f6 14. g5 fxg5 15. Qh5 g6 16. Qh6 Ne7 17. fxg5 Rxf1+ 18. Kxf1 Qf8+ 19. Qxf8+ Kxf8 20. Kg2 Be1 21. Nb5 Bd7 22. Ba3 Bxb5 23. Bxb5 Bxc3 24. Rf1+ Kg7 25. Bxe7 Bxd4 26. Bf6+ Kf7 27. h4 Rc8 28. h5 Rc2+ 29. Kf3 gxh5 30. Bd3 Rc3 31. Ke2 Ra3 32. Bxh7 Re3+ 33. Kd2 Rg3 34. g6+ Ke8 35. g7 Be3+ 36. Ke2 Kf7 37. g8=Q+ Rxg8 38. Bxg8+ Kxg8 39. Kxe3 1-0


[Site "https://www.chess.com"]

[Event "Titled Tuesday Blitz June 13 Early 2023"]
[White "Kopczynski, Michal"]
[Black "Ginzburg, Yakov"]
[WhiteFideId "1124200"]
[BlackFideId "4157176"]
[WhiteElo "2212"]
[BlackElo "2305"]
[Result "1-0"]
[Round "10"]
[TimeControl "180+2"]
[Date "2023.06.13"]
[WhiteClock "0:00:57"]
[BlackClock "0:01:12"]
[Board "105"]

1. e4 c5 2. d4 cxd4 3. c3 d3 4. Bxd3 d5 5. e5 Nc6 6. f4 Nh6 7. Nf3 Bf5 8. O-O Bxd3 9. Qxd3 e6 10. Be3 Nf5 11. Bf2 Be7 12. Nbd2 h5 13. Rad1 Qa5 14. a3 O-O 15. g3 Qa6 16. Qxa6 bxa6 17. h3 Rab8 18. Rb1 a5 19. g4 hxg4 20. hxg4 Nh6 21. Nh2 a4 22. Kg2 Rb7 23. b4 axb3 24. Rxb3 Rxb3 25. Nxb3 Bxa3 26. Ra1 Bb2 27. Ra6 Rc8 28. Bxa7 Bxc3 29. Bc5 d4 30. Kf3 d3 31. Ke3 d2 32. Nxd2 Bxd2+ 33. Kxd2 Nxe5 34. fxe5 Rxc5 35. g5 Nf5 36. g6 Rxe5 37. Ra8# 1-0


[Site "https://www.chess.com"]

[Event "Titled Tuesday Blitz June 13 Early 2023"]
[White "Peycheva, Gergana"]
[Black "Nikologorsky, Matfei"]
[WhiteFideId "2916711"]
[BlackFideId "24102474"]
[WhiteElo "2216"]
[BlackElo "2153"]
[Result "1-0"]
[Round "10"]
[TimeControl "180+2"]
[Date "2023.06.13"]
[WhiteClock "0:00:22"]
[BlackClock "0:00:20"]
[Board "106"]

1. d4 Nf6 2. c4 e6 3. Nc3 Bb4 4. Qc2 d5 5. cxd5 exd5 6. Nf3 O-O 7. Bg5 c6 8. e3 h6 9. Bh4 Bg4 10. Ne5 Bc8 11. Bd3 Nbd7 12. O-O Be7 13. a3 Nxe5 14. dxe5 Nd7 15. Bg3 Nc5 16. Bh7+ Kh8 17. b4 Ne6 18. Rad1 Qe8 19. Bd3 a5 20. Rb1 axb4 21. axb4 Qd8 22. f4 d4 23. exd4 Nxd4 24. Qb2 Nf5 25. Be4 Nxg3 26. hxg3 Qd4+ 27. Kh2 Be6 28. Rfd1 Qb6 29. f5 Bc4 30. f6 gxf6 31. Qd2 Kg7 32. Qf4 fxe5 33. Qxe5+ Bf6 34. Qf5 Bxc3 35. Qh7+ Kf6 36. Qxh6+ Ke5 37. Qd6+ Kxe4 38. Qf4# 1-0


[Site "https://www.chess.com"]